 Dungeon Crawl Stone Soup version 0.26.0-45-g9c1d065592 (webtiles) character file.

Game seed: 13075987505339267009

372 kaeus the Sneak (level 6, -3/39 HPs)
             Began as an Octopode Enchanter on Jan 29, 2021.
             Was an Initiate of Wu Jian.
             Slain by Menkaure (21 damage)
             ... on level 4 of the Dungeon.
             The game lasted 00:06:56 (5921 turns).

kaeus the Sneak (Octopode Enchanter)                Turns: 5921, Time: 00:06:56

Health: -3/39      AC:  1    Str:  5 (7)  XL:     6   Next: 71%
Magic:  10/10      EV: 14    Int: 16 (17) God:    Wu Jian [......]
Gold:   126        SH:  4    Dex: 12 (15) Spells: 5/11 levels left

rFire    . . .     SeeInvis .   o - +3 falchion
rCold    . . .     Faith    .   (no shield)
rNeg     . . .     Spirit   .   (helmet restricted)
rPois    .         Reflect  .   (no amulet)
rElec    +         Harm     .   (no ring)
rCorr    .         Rampage  .   (no ring)
Will     .....                  (no ring)
Stlth    ++++......             (no ring)
HPRegen  0.13/turn              (no ring)
MPRegen  0.12/turn              (no ring)
                                (no ring)
                                (no ring)

@: brilliant
A: almost no armour, stealthy swim, amphibious, 8 rings, constrict 8, large bone
plates 1, camouflage 1, electricity resistance, gelatinous body 1, MP-powered
wands
a: Renounce Religion


You were on level 4 of the Dungeon.
You worshipped Wu Jian.
Wu Jian was noncommittal.
You visited 2 branches of the dungeon, and saw 5 of its levels.

You collected 126 gold pieces.

Inventory:

Hand Weapons
 a - a +1 dagger
 o - a +3 falchion (weapon)
Missiles
 m - 9 poisoned darts
 r - 8 atropa-tipped darts
Jewellery
 l - an uncursed ring of ice
Wands
 j - a wand of enslavement (11)
Scrolls
 g - 2 scrolls of identify
 n - a scroll of enchant armour {unknown}
 p - a scroll of fear {unknown}
 q - a scroll of magic mapping {unknown}
Potions
 d - 2 potions of invisibility
 e - 2 potions of mutation


   Skills:
 + Level 2.2 Fighting
 + Level 2.8 Short Blades
 + Level 3.2 Dodging
 + Level 5.6 Stealth
 + Level 3.1 Spellcasting
 + Level 4.0 Hexes


You had 5 spell levels left.
You knew the following spells:

 Your Spells              Type           Power        Failure   Level
a - Corona                Hex            25%          3%          1
b - Ensorcelled Hibernat  Hex/Ice        26%          12%         2
c - Dazzling Flash        Conj/Hex       26%          24%         3

Your spell library contained the following spells:

 Spells                   Type           Power        Failure   Level
 Confusing Touch          Hex            23%          11%         3
 Tukima's Dance           Hex            23%          11%         3


Dungeon Overview and Level Annotations

Branches:
Dungeon (4/15)             Temple (1/1) D:4

Altars:
Ashenzari
Cheibriados
Dithmenos
Elyvilon
Fedhas
Gozag
Hepliaklqana
Kikubaaqudgha
Makhleb
Nemelex Xobeh
Okawaru
Qazlal
Ru
Sif Muna
Trog
Uskayaw
Vehumet
Wu Jian
Xom
Yredelemnul
Zin

Shops:
D:4 [

Annotations:
D:4 Menkaure


Innate Abilities, Weirdness & Mutations

You cannot wear most types of armour.
You are very stealthy in the water. (Stealth+)
You are amphibious.
You can wear up to eight rings at the same time.
You can use your tentacles to constrict eight enemies at once.
Your skin changes colour to match your surroundings (Stealth+).
Your rubbery body absorbs attacks. (AC +1, EV +1)
You are partially covered in large bone plates. (SH +4)
You are resistant to electric shocks. (rElec)
You expend magic power (3 MP) to strengthen your wands.


Message History

You hit Menkaure but do no damage.
Menkaure is lightly damaged.
You constrict Menkaure. Menkaure barely misses you.
You riposte.
You hit Menkaure.
Menkaure is moderately damaged.
Menkaure barely misses you.
It was a potion of cancellation.
You feel magically purged.
You constrict Menkaure. Menkaure closely misses you.
You riposte.
You hit Menkaure but do no damage. You squeeze Menkaure.
Menkaure is heavily damaged.
It was a potion of brilliance.
You feel clever all of a sudden.
You constrict Menkaure.
Menkaure grins.
You block Menkaure's attack.
You hit Menkaure. You squeeze Menkaure.
Menkaure is almost destroyed.
You constrict Menkaure. Menkaure hits you!!
Ouch! That really hurt!
You die...

.'.........∩...........
#.........####†.....##
#.......## #......#
##.....## ##.....#
##...## #...## ##'##
#.## #.# .# #.########
.# #....@M..#
#...#####.# #..... #.#
##...## #M# ...... ...
#####.# #.# #.# #.# #..
..# ###


You could see Menkaure (fast).

Vanquished Creatures
  A bullfrog (D:4)
  The ghost of kaeus the Firebug, a weakling GrFE (D:4)
  An orc wizard (D:4)
  Natasha (thrice) (D:3)
  A worker ant (D:4)
  6 adders
  3 worms (D:2)
  A dart slug (D:1)
  2 leopard geckos
  4 orcs
  8 bats
  4 giant cockroaches
  7 goblins
  11 hobgoblins
  5 jackals (D:1)
  4 quokkas
  5 frilled lizards
  11 kobolds
  9 rats
87 creatures vanquished.

Notes
Turn   | Place    | Note
-------+----------+-------------------------------------------
     0 | D:1      | kaeus the Octopode Enchanter began the quest for the Orb.
     0 | D:1      | Reached XP level 1. HP: 11/11 MP: 3/3
   463 | D:1      | Reached XP level 2. HP: 11/18 MP: 5/5
   473 | D:1      | Learned a level 2 spell: Ensorcelled Hibernation
  1014 | D:1      | Reached XP level 3. HP: 22/22 MP: 6/6
  1203 | D:2      | Reached skill level 1 in Fighting
  2287 | D:2      | Reached XP level 4. HP: 26/28 MP: 7/7
  3511 | D:3      | Noticed Natasha
  3520 | D:3      | Killed Natasha
  3521 | D:3      | Reached XP level 5. HP: 24/33 MP: 8/8
  3860 | D:3      | Noticed Natasha
  3871 | D:3      | HP: 1/33 [Natasha (4)]
  3875 | D:3      | Gained mutation: You expend magic power (3 MP) to
                  | strengthen your wands. [potion of mutation]
  3875 | D:3      | Gained mutation: You are partially covered in large bone
                  | plates. (SH +4) [potion of mutation]
  3875 | D:3      | Gained mutation: You are resistant to electric shocks.
                  | (rElec) [potion of mutation]
  3881 | D:3      | Killed Natasha
  3882 | D:3      | Reached skill level 5 in Stealth
  4000 | D:3      | Noticed Natasha
  4388 | D:3      | Killed Natasha
  4526 | D:4      | Found a runed translucent door.
  4529 | D:4      | Noticed kaeus's ghost (weakling GrFE)
  4843 | D:4      | Killed kaeus's ghost
  4844 | D:4      | Reached XP level 6. HP: 23/39 MP: 10/10
  4971 | D:4      | Noticed Menkaure
  5193 | D:4      | Found a staircase to the Ecumenical Temple.
  5202 | Temple   | Entered the Ecumenical Temple
  5575 | Temple   | Became a worshipper of the Wu Jian Council
  5684 | D:4      | Learned a level 3 spell: Dazzling Flash
  5713 | D:4      | Found Bema's Antique Armour Shoppe.
  5921 | D:4      | Slain by Menkaure

Illustrated notes

Levels and vault maps discovered:
D:1:      evilmike_arrival_fibonacci_small, layout_basic
D:2:      layout_basic, serial_curves, eino_curves_02, eino_curves_01,
          eino_curves_01, minmay_misc_feat_x
D:3:      layout_loops_ring, uniq_natasha
D:4:      layout_loops_corners, nicolae_tso_besieged_by_evil,
          minmay_temple_entry_purple_smoke, ebering_ghost_sewer_d, serial_shops,
          shop, uniq_menkaure, uniq_robin, uniq_eustachio
Temple:   compressed_dpeg_triangle_lava_temple

Skill      XL: |  1  2  3  4  5  6 |
---------------+-------------------+-----
Fighting       | 1 2 |  2.2
Short Blades   | 2 |  2.8
Stealth        | 5 |  5.6
Dodging        | 3 |  3.2
Spellcasting   | 3 |  3.1
Hexes          | 4 |  4.0

Action                   |  1- 3 |  4- 6 || total
-------------------------+-------+-------++-------
Melee: Dagger            |   108 |    65 ||   173
       Constrict         |    22 |    29 ||    51
       Tentacles         |    13 |    28 ||    41
       Falchion          |       |    79 ||    79
Invok: Lunge             |       |     1 ||     1
  Use: Scroll            |       |     3 ||     3
       Potion            |       |    12 ||    12
 Stab: Sleeping          |     9 |    16 ||    25
       Distracted        |     1 |       ||     1
       Invisible         |       |     1 ||     1
Armor: Skin              |    20 |    22 ||    42
Dodge: Dodged            |    96 |    88 ||   184
Block: Other             |       |    16 ||    16
       Rpst.: Falchion   |       |    20 ||    20
